 Dungeon Crawl Stone Soup version 0.31-b1-12-gca42e3d1b8 (webtiles) character file.

Game seed: 15257953575748974067

23 Curundu the Poker (level 2, -4/26 HPs)
             Began as a Minotaur Berserker on Jan 14, 2024.
             Was a Follower of Trog.
             Slain by Natasha (7 damage)
             ... on level 2 of the Dungeon.
             The game lasted 00:04:46 (1128 turns).

Curundu the Poker (Minotaur Berserker)              Turns: 1128, Time: 00:04:48

Health: -4/26      AC:  2    Str: 21    XL:     2   Next: 72%
Magic:  1/1        EV: 12    Int:  4    God:    Trog [*.....]
Gold:   75         SH:  0    Dex:  9    Spells: 1/1 levels left

rFire   . . .        a - +0 spear
rCold   . . .        (no shield)
rNeg    . . .        b - +0 animal skin
rPois   .            (helmet restricted)
rElec   .            (no cloak)
rCorr   .            (no gloves)
SInv    .            (no boots)
Will    .....        (no amulet)
Stlth   +            (no ring)
HPRegen 0.24/turn    (no ring)
MPRegen 0.07/turn

%: no passive effects
@: no status effects
A: horns 2, retaliatory headbutt
a: Renounce Religion, Berserk


You were on level 2 of the Dungeon.
You worshipped Trog.
Trog was aware of your devotion.
You visited 1 branch of the dungeon, and saw 2 of its levels.

You collected 75 gold pieces.

Inventory:

Hand Weapons
 a - a +0 spear (weapon)
Missiles
 g - 6 poisoned darts (quivered)
Armour
 b - a +0 animal skin (worn)
Jewellery
 l - an amulet of the acrobat
Potions
 d - a potion of attraction
 f - a potion of lignification
 h - 2 potions of enlightenment
 i - a potion of brilliance {unknown}


   Skills:
 - Level 3.6 Fighting
 + Level 4.9 Polearms
 - Level 2.4 Armour
 - Level 2.1 Dodging


You had one spell level left.
You didn't know any spells.
Your spell library was empty.

Dungeon Overview and Level Annotations

Branches:
Dungeon (2/15)

Altars:

Shops:
D:1 !

Annotations:
D:2 Natasha


Innate Abilities, Weirdness & Mutations

You have a pair of horns on your head.
You reflexively headbutt those who attack you in melee.


Message History

Natasha, Servant of Life and Death comes into view.
Natasha hisses angrily.
Natasha wildly gestures.
Natasha glows brightly for a moment.
The kobold throws a stone.
The stone hits you but does no damage.
An endoplasm comes into view.
An adder comes into view.
You see here 2 gold pieces.
An endoplasm comes into view.
The adder hisses angrily.
You hear a shout!
A goblin comes into view. It is wielding a +0 club.
Natasha stares at you and mumbles some strange words.
The magic dart hits you.
Found 11 gold pieces.
The endoplasm quivers.
The kobold hits you with a +0 dagger. Natasha claws you.
You barely miss Natasha.
The endoplasm quivers.
Your headbutt misses Natasha. The kobold closely misses you. Natasha claws you!
The adder bites you.
You closely miss Natasha. The kobold hits you with a +0 dagger.
The adder bites you.
Natasha wildly gestures.
Natasha glows brightly for a moment.
Natasha closely misses you.
You hit Natasha.
Natasha is moderately wounded.
The adder barely misses you. The kobold hits you with a +0 dagger.
Natasha claws you.
* * * LOW HITPOINT WARNING * * *
You barely miss Natasha. You headbutt Natasha.
Natasha is severely wounded.
The adder bites you but does no damage. The kobold hits you with a +0 dagger.
* * * LOW HITPOINT WARNING * * *
You barely miss Natasha.
Natasha is severely wounded.
The adder bites you.
* * * LOW HITPOINT WARNING * * *
Natasha claws you!
You die...
Natasha begins licking her fur clean.

. .. ...
################### ....
+..................
....(#######.###########
.....JK....#'#......
.....Jh@.$....>#
$.....S###..)..#
......g.........?..
..#.......!#+###.... .
+.....##.# .... #####.
#.. ... # #.# .. #.#


You could see Natasha, an adder, 2 endoplasms, a goblin and a kobold.

Vanquished Creatures
  A dart slug (D:1)
  An endoplasm (D:1)
  A giant cockroach (D:1)
  3 hobgoblins (D:1)
  A quokka (D:1)
  4 ball pythons
  2 bats (D:1)
  4 frilled lizards (D:1)
  A goblin (D:1)
  A kobold (D:1)
  4 rats (D:1)
23 creatures vanquished.

Notes
Turn   | Place    | Note
-------+----------+-------------------------------------------
     0 | D:1      | Curundu the Minotaur Berserker began the quest for the Orb.
     0 | D:1      | Reached XP level 1. HP: 19/19 MP: 0/0
   181 | D:1      | Reached skill level 4 in Polearms
   236 | D:1      | Reached XP level 2. HP: 21/26 MP: 1/1
   505 | D:1      | Found Iletamuo's Distillery.
  1120 | D:2      | Noticed Natasha
  1128 | D:2      | Slain by Natasha

Illustrated notes

Levels and vault maps discovered:
D:1:      heliophobic_arrival_glass_houses, layout_loops_corners, serial_shops,
          shop, minmay_cut_off
D:2:      layout_basic, chequers_serial_rivers_micro_d, grunt_ministairs_4,
          uniq_jessica, uniq_natasha

Skill      XL: |  1 |
---------------+----+-----
Polearms       | 4 |  4.9
Fighting       | |  3.6
Armour         | |  2.4
Dodging        | |  2.1

Action                     || total
---------------------------++-------
  Melee: Spear             ||    48
         Headbutt          ||     7
    Use: Scroll            ||     6
 Armour: Animal skin       ||    37
  Dodge: Dodged            ||    20
